 Dungeon Crawl Stone Soup version 0.28-a0-94-g325244837d (webtiles) character file.

Game seed: 4933970074048182744

46 blipblop the Sneak (level 3, -1/24 HPs)
             Began as an Octopode Brigand on July 22, 2021.
             Slain by a jackal (2 damage)
             ... on level 2 of the Dungeon on Aug 8, 2021.
             The game lasted 00:04:27 (827 turns).

blipblop the Sneak (Octopode Brigand)                Turns: 827, Time: 00:04:28

Health: -1/24      AC:  1    Str: 10    XL:     3   Next: 66%
Magic:  3/3        EV: 13    Int: 13    God:
Gold:   47         SH:  0    Dex: 14    Spells: 2/2 levels left

rFire   . . .      SeeInvis .   a - +2 dagger
rCold   . . .      Faith    .   (no shield)
rNeg    . . .      Spirit   .   (helmet restricted)
rPois   .          Reflect  .   (no amulet)
rElec   .          Harm     .   (no ring)
rCorr   .          Rampage  .   (no ring)
Will    .....                   (no ring)
Stlth   ++++......              (no ring)
HPRegen 0.08/turn               (no ring)
MPRegen 0.08/turn               (no ring)
                                (no ring)
                                (no ring)

@: no status effects
A: almost no armour, amphibious, 8 rings, camouflage 1, gelatinous body 1,
(nimble swimmer 1), tentacles
a: no special abilities


You were on level 2 of the Dungeon.
You visited 1 branch of the dungeon, and saw 2 of its levels.

You collected 47 gold pieces.

Inventory:

Hand Weapons
 a - a +2 dagger (weapon)
Missiles
 b - 7 poisoned darts (quivered)
 c - 2 curare-tipped darts


   Skills:
 * Level 2.1 Fighting
 * Level 2.1 Short Blades
 * Level 2.3 Throwing
 * Level 1.3 Dodging
 * Level 6.5 Stealth


You had 2 spell levels left.
You didn't know any spells.
Your spell library was empty.

Dungeon Overview and Level Annotations

Branches:
Dungeon (2/15)

Altars:

Annotations:
D:2 Terence


Innate Abilities, Weirdness & Mutations

You cannot wear most types of armour.
You are amphibious.
You can wear up to eight rings at the same time.
Your skin changes colour to match your surroundings (Stealth+).
Your rubbery body absorbs attacks. (AC +1, EV +1)
((You are camouflaged near water. (Stealth+)))
You have tentacles for arms and can constrict up to eight enemies at once.


Message History

You hit the jackal.
The jackal is almost dead.
You constrict the jackal, but do no damage.
The jackal bites you.
The jackal bites you but does no damage.
The jackal bites you. x2; The jackal closely misses you.
Unknown command.
You are too injured to fight recklessly!
You are too injured to fight recklessly!
Unknown command.
You are too injured to fight recklessly!
Unknown command.
You are too injured to fight recklessly!
You aren't carrying any potions.
Unknown command.
You aren't carrying any potions.
You release your grip on the jackal.
Terence says, "Did you write a will?
You should..."
You aren't carrying any scrolls.
The jackal closely misses you. The jackal misses you.
Terence screams, "I'm going to kill you!"
The jackal completely misses you. The jackal bites you.
* * * LOW HITPOINT WARNING * * *
The jackal misses you. The jackal closely misses you.
Found a stone staircase leading up.
The jackal barely misses you. The jackal closely misses you.
The jackal barely misses you. The jackal closely misses you.
The jackal bites you.
* * * LOW HITPOINT WARNING * * *
The jackal bites you.
* * * LOW HITPOINT WARNING * * *
The jackal barely misses you. x2
There is a stone staircase leading up here.
The jackal bites you.
* * * LOW HITPOINT WARNING * * *
The jackal closely misses you. Terence screams, "I want your blood!"
The jackal bites you.
You die...

##.......##.........#
##..#....)##........# .
.......(............#.#
.<.....<..............#
......†...............#
..................###.#
...........†....>.....#
.....##..#####....##...
..........@###)....##.#
..........hhS@......# .
.K......>.h.##..).#.#
###........#....#.#
#......#..###.# #
...#######... ... ###
#####.... ##.#. ..


You could see Terence, 3 jackals and a ball python.

Vanquished Creatures
  Jessica (D:2)
  A dart slug (D:1)
  2 bats
  2 endoplasms
  A giant cockroach (D:1)
  2 goblins (D:1)
  A hobgoblin (D:1)
  A jackal (D:2)
  3 kobolds (D:1)
  A quokka (D:2)
  A ball python (D:2)
16 creatures vanquished.

Notes
Turn   | Place    | Note
-------+----------+-------------------------------------------
     0 | D:1      | blipblop the Octopode Brigand began the quest for the Orb.
     0 | D:1      | Reached XP level 1. HP: 14/14 MP: 1/1
     0 | D:1      | Upgraded the game from 0.27-a0-1612-gde56a17b89 to
                  | 0.28-a0-8-g6e044cfa68
    72 | D:1      | Reached XP level 2. HP: 10/19 MP: 2/2
   150 | D:1      | Reached skill level 6 in Stealth
   776 | D:1      | Upgraded the game from 0.28-a0-8-g6e044cfa68 to
                  | 0.28-a0-94-g325244837d
   791 | D:2      | Noticed Jessica
   793 | D:2      | Killed Jessica
   794 | D:2      | Reached XP level 3. HP: 24/24 MP: 3/3
   810 | D:2      | Noticed Terence
   827 | D:2      | HP: 1/24 [jackal (1)]
   827 | D:2      | Slain by a jackal

Illustrated notes

Levels and vault maps discovered:
D:1:      saegor_arrival_simple_e, layout_basic
D:2:      layout_rooms, basic_altar, shapermc_ecumenical_altar_mp_urbaneastern,
          uniq_terence, uniq_jessica

Skill      XL: |  1  2 |
---------------+-------+-----
Stealth        | 6 |  6.5
Fighting       | |  2.1
Short Blades   | |  2.1
Throwing       | |  2.3
Dodging        | |  1.3

Action                   || total
-------------------------++-------
Melee: Dagger            ||    30
       Tentacles         ||     5
       Constrict         ||     6
Throw: Dart              ||    17
  Use: Scroll            ||     2
 Stab: Sleeping          ||     2
Armor: Skin              ||     4
Dodge: Dodged            ||    40

Table legend: (Time is in decaauts)
 A = Elapsed time spent in this place.
 B = Non-inter-level travel time spent in this place.
 C = Inter-level travel time spent in this place.
 D = Time resting spent in this place.
 E = Time spent auto-exploring this place.
 F = Levels seen in this place.
 G = Mean time per level.
                   A        B        C        D        E       F      G
               +--------+--------+--------+--------+--------+-----+--------+
         Total |    821 |    821 |      0 |      0 |    606 |   2 |  410.5 |
       Dungeon |    821 |    821 |      0 |      0 |    606 |   2 |  410.5 |
               +--------+--------+--------+--------+--------+-----+--------+

Top non-repeatable levels by time:
     D:1: 787 daAuts
     D:2: 34 daAuts
